 Dungeon Crawl Stone Soup version 0.31-a0-799-g6bc09d010c (webtiles) character file.

Game seed: 5342376697917157528

1547 Newt the Cutter (level 8, -2/61 HPs)
             Began as a Demonspawn Gladiator on Sept 19, 2023.
             Was an Initiate of Gozag.
             Slain by ratmeat3's ghost (14 damage)
             ... on level 4 of the Dungeon.
             The game lasted 00:05:05 (6227 turns).

Newt the Cutter (Demonspawn Gladiator)              Turns: 6227, Time: 00:05:06

Health: -2/61      AC:  7    Str: 17    XL:     8   Next: 57%
Magic:  0/8        EV: 13    Int:  9    God:    Gozag
Gold:   695        SH:  0    Dex: 15    Spells: 7/7 levels left

rFire   . . .        h - +8 rapier of the Arcadian God {flame, rN+}
rCold   + . .        (no shield)
rNeg    + + .        b - +0 leather armour
rPois   .            (helmet restricted)
rElec   .            B - +0 cloak
rCorr   .            q - +0 pair of gloves
SInv    .            (no boots)
Will    .....        E - amulet of guardian spirit
Stlth   +++          k - ring of protection from cold
HPRegen 0.30/turn    A - ring of positive energy
MPRegen 0.11/turn

%: guardian spirit
@: mighty, gold aura, on berserk cooldown, slowed, very slow
A: antennae 1, slimy green scales 1, spiny 1
a: Renounce Religion, Potion Petition, Call Merchant, Bribe Branch


You were on level 4 of the Dungeon.
You worshipped Gozag.
Gozag was pleased with you.
You visited 1 branch of the dungeon, and saw 6 of its levels.

You collected 735 gold pieces.
You paid 40 gold pieces to Gozag.

Inventory:

Hand Weapons
 a - a +0 rapier
 h - the +8 rapier of the Arcadian God (weapon) {flame, rN+}
   (You acquired it on level 3 of the Dungeon)

   rN+:       It protects you from negative energy.
Missiles
 d - 4 throwing nets (quivered)
 e - a javelin
 f - 6 silver javelins
 x - 11 boomerangs
Armour
 b - a +0 leather armour (worn)
 c - a +0 helmet
 m - a scarf of harm
 q - a +0 pair of gloves (worn)
 B - a +0 cloak (worn)
Jewellery
 k - a ring of protection from cold (left hand)
 y - a ring of ice
 A - a ring of positive energy (right hand)
 E - an amulet of guardian spirit (around neck)
Scrolls
 g - 2 scrolls of enchant armour {unknown}
 o - 2 scrolls of poison
 r - 2 scrolls of noise {unknown}
 s - 3 scrolls of vulnerability
 v - a scroll of immolation {unknown}
 w - a scroll of revelation
 z - a scroll of blinking {unknown}
 D - a scroll of identify
Potions
 i - 2 potions of degeneration
 n - 3 potions of curing
 p - 2 potions of resistance
 t - a potion of magic {unknown}
 u - a potion of cancellation {unknown}
 C - a potion of brilliance {unknown}


   Skills:
 + Level 4.7 Fighting
 - Level 7.0 Short Blades
 - Level 1.7 Throwing
 - Level 5.0 Dodging
 - Level 5.0 Stealth


You had 7 spell levels left.
You didn't know any spells.
Your spell library contained the following spells:

 Spells                   Type           Power      Damage    Failure   Level
 Magic Dart               Conj           0%         1d3       45%         1
 Call Imp                 Summ           0%         N/A       58%         2
 Mephitic Cloud           Conj/Pois/Air  0%         N/A       83%         3
 Ozocubu's Armour         Ice            0%         N/A       83%         3
 Tukima's Dance           Hex            0%         N/A       83%         3
 Passage of Golubria      Tloc           0%         N/A       99%         4
 Metabolic Englaciation   Hex/Ice        0%         N/A       100%        5
 Yara's Violent Unravell  Hex/Tmut       0%         3d3       100%        5
 Simulacrum               Ice/Necr       Unusable   N/A       N/A         6

Dungeon Overview and Level Annotations

Branches:
Dungeon (6/15)
 Temple: D:4-7

Altars:
Cheibriados
Fedhas
Gozag
Makhleb
Nemelex Xobeh
Ru
Wu Jian

Annotations:
D:4 ratmeat3's ghost, novice TrSh


Innate Abilities, Weirdness & Mutations

You have a pair of small antennae on your head.
You are partially covered in slimy green scales. (AC +2)
You are partially covered in sharp spines.


Message History

Ratmeat3's ghost hits you.
Things that are here:
6 gold pieces; a +0 whip; a wand of quicksilver (8)
You hit ratmeat3's ghost. You burn ratmeat3's ghost.
Ratmeat3's ghost is lightly damaged.
The kobold hits you but does no damage.
The kobold is distracted by your dazzling golden aura.
Ratmeat3's ghost is struck by your spines.
Ratmeat3's ghost barely misses you.
The kobold shouts!
You impale ratmeat3's ghost!! You burn ratmeat3's ghost.
Ratmeat3's ghost is heavily damaged.
The kobold is struck by your spines.
You kill the kobold!
Ratmeat3's ghost hits you!
You puncture ratmeat3's ghost! You burn ratmeat3's ghost.
Ratmeat3's ghost is severely damaged.
Ratmeat3's ghost completely misses you. The kobold is struck by your spines.
You kill the kobold!
Ratmeat3's ghost is struck by your spines.
Ratmeat3's ghost hits you!!
The kobold is no longer distracted by gold.
The kobold brigand throws a curare-tipped dart.
The curare-tipped dart hits you.
You are poisoned.
You have difficulty breathing.
You feel as though you will be slow longer.
Unknown command.
You closely miss ratmeat3's ghost.
Ratmeat3's ghost is severely damaged.
You feel sick.
The kobold is distracted by your dazzling golden aura.
Ratmeat3's ghost hits you.
* * * LOW HITPOINT WARNING * * *
Unknown command.
It was a potion of curing.
You feel better. Ratmeat3's ghost hits you!
* * * LOW HITPOINT WARNING * * *
Ratmeat3's ghost hits you!
You die...
Your body crumbles into a pile of gold.

..##############.######
.....)....##$..###
.#.########.....## .#.#
#..#.#..# (#.#
#8.#.#.8# ##[#
#..#.#..# #.#
###...K.### ##.####
#.##''K##.#
......###....KKW@.#
##.##.........#####
##############


You could see a kobold brigand, ratmeat3's ghost and 3 kobolds.

Vanquished Creatures
  A steam dragon (D:6)
  A black bear (D:5)
  An ice beast (D:6)
  3 ogres
  3 scorpions (D:5)
  3 gnoll boudas
  A hound (D:5)
  4 orc priests
  5 orc wizards
  A sleepcap (D:5)
  3 iguanas
  18 gnolls
  4 adders
  2 shadow imps
  An ufetubus (D:5)
  3 worms
  23 orcs
  2 bats (D:2)
  5 endoplasms
  2 giant cockroaches
  5 hobgoblins
  3 jackals (D:2)
  3 quokkas
  6 ball pythons
  2 frilled lizards
  6 goblins
  11 kobolds
  6 rats
128 creatures vanquished.

Notes
Turn   | Place    | Note
-------+----------+-------------------------------------------
     0 | D:1      | Newt the Demonspawn Gladiator began the quest for the Orb.
     0 | D:1      | Reached XP level 1. HP: 16/16 MP: 1/1
   171 | D:1      | Gained mutation: You are partially covered in slimy green
                  | scales. (AC +2) [demonic ancestry]
   171 | D:1      | Reached XP level 2. HP: 23/23 MP: 2/2
   831 | D:2      | Reached XP level 3. HP: 17/29 MP: 3/3
  1475 | D:3      | Identified a scroll of acquirement
  1475 | D:3      | Acquired the +8 rapier of the Arcadian God {flame, rN+}
  1592 | D:3      | Reached skill level 3 in Short Blades
  1592 | D:3      | Gained mutation: You have a pair of small antennae on your
                  | head. [demonic ancestry]
  1592 | D:3      | Reached XP level 4. HP: 24/37 MP: 4/4
  1814 | D:3      | Found a faded altar of an unknown god.
  2357 | D:3      | Found an opulent altar of Gozag.
  2357 | D:3      | Found a sparkling altar of Nemelex Xobeh.
  2369 | D:3      | Became a worshipper of Gozag Ym Sagoz the Greedy
  2496 | D:4      | Reached skill level 4 in Short Blades
  2496 | D:4      | Reached XP level 5. HP: 25/42 MP: 5/5
  2644 | D:4      | Reached skill level 5 in Short Blades
  2664 | D:4      | Gained mutation: You are partially covered in sharp spines.
                  | [demonic ancestry]
  2664 | D:4      | Reached XP level 6. HP: 43/48 MP: 6/6
  2885 | D:4      | Reached skill level 6 in Short Blades
  3041 | D:4      | Found a runed translucent gate.
  3042 | D:4      | Found a runed translucent gate.
  3044 | D:4      | Found a runed translucent gate.
  3044 | D:4      | Noticed ratmeat3's ghost (novice TrSh)
  3049 | D:4      | You fall into a shaft and drop 2 floors!
  3272 | D:6      | Reached XP level 7. HP: 52/54 MP: 7/7
  3286 | D:6      | Reached skill level 7 in Short Blades
  3703 | D:6      | Found a snail-covered altar of Cheibriados.
  3741 | D:6      | Noticed a steam dragon
  3751 | D:6      | Killed a steam dragon
  4212 | D:6      | Reached skill level 5 in Dodging
  4492 | D:5      | Entered Level 5 of the Dungeon
  4523 | D:5      | Reached skill level 1 in Stealth
  4548 | D:5      | Reached XP level 8. HP: 60/60 MP: 8/8
  4568 | D:5      | Found an ornate altar of the Wu Jian Council.
  4668 | D:5      | Found a sacrificial altar of Ru.
  5046 | D:5      | Reached skill level 5 in Stealth
  5369 | D:5      | Found a burning altar of Makhleb.
  5932 | D:4      | Found a blossoming altar of Fedhas.
  6227 | D:4      | Slain by ratmeat3's ghost

Illustrated notes

Levels and vault maps discovered:
D:1:      dpeg_arrival_boxes_within_box, layout_rooms
D:2:      layout_loops_ring, serial_park_tiny_1
D:3:      layout_loops_ring, grunt_temple_overflow_opulence,
          shapermc_ecumenical_altar_acropolis, hangedman_glass_teeth,
          st_stairs_9
D:4:      layout_basic, mainiacjoe_overflow_small_starburst,
          mainiacjoe_overflow_six_doors_small, gammafunk_ghost_nasty_kobolds,
          enter_ossuary_2
D:5:      layout_basic, gammafunk_temple_overflow_forgotten
D:6:      layout_basic, chei_slow_surprise

Skill      XL: |  1  2  3  4  5  6  7  8 |
---------------+-------------------------+-----
Fighting       | 3 4 |  4.7
Short Blades   | 3 4 5 6 7 |  7.0
Dodging        | 5 |  5.0
Stealth        | 1 5 |  5.0
Throwing       | |  1.7

Action                     |  1- 3 |  4- 6 |  7- 9 || total
---------------------------+-------+-------+-------++-------
  Melee: Rapier            |   104 |   125 |   115 ||   344
         Punch             |       |     1 |     1 ||     2
  Throw: Throwing net      |       |     1 |       ||     1
    Use: Scroll            |     8 |     1 |     3 ||    12
         Potion            |     1 |     1 |     3 ||     5
   Stab: Held in net/web   |       |     1 |       ||     1
         Sleeping          |       |       |     4 ||     4
         Distracted        |       |       |     1 ||     1
 Armour: Leather armour    |    57 |    68 |    80 ||   205
  Dodge: Dodged            |    76 |    51 |    68 ||   195

Table legend: (Time is in decaauts)
 A = Elapsed time spent in this place.
 B = Non-inter-level travel time spent in this place.
 C = Inter-level travel time spent in this place.
 D = Time resting spent in this place.
 E = Time spent auto-exploring this place.
 F = Levels seen in this place.
 G = Mean time per level.
                   A        B        C        D        E       F      G
               +--------+--------+--------+--------+--------+-----+--------+
         Total |   6215 |   6004 |    211 |    627 |   4524 |   6 | 1035.8 |
       Dungeon |   6215 |   6004 |    211 |    627 |   4524 |   6 | 1035.8 |
               +--------+--------+--------+--------+--------+-----+--------+

Top non-repeatable levels by time:
     D:6: 1437 daAuts
     D:4: 1359 daAuts
     D:5: 1005 daAuts
     D:3: 935 daAuts
     D:2: 889 daAuts
     D:1: 588 daAuts
